Map: Ley Lines

Players

Vaisravana - Winner!

  • Race: Terran Terran
  • Spawn Location: 7:00

kitune

  • Race: Zerg Zerg
  • Spawn Location: 1:00

VOD

Have the link to the VOD?

Description

Time

  • Played on: Aug. 30, 2025, 5:17 p.m.
  • Length: 8:00
Show
View Real Time Build Order
Export as new Build Order

Vaisravana Terran - Winner!

Build Orders:  

Get SALT Encoding   

  12  0:00  SCV  
  13  0:12  SCV  
  14  0:17  Supply Depot  
  14  0:24  SCV  
  15  0:39  SCV  
  15  0:40  Barracks  
  16  0:44  Refinery  
  16  0:51  SCV  
  17  0:59  Barracks  
  17  1:04  SCV  
  18  1:16  SCV  
  19  1:27  Reaper  
  19  1:28  Orbital Command  
  20  1:34  Supply Depot  
  20  1:46  Reaper  
  21  1:54  SCV  
  22  2:04  Reaper  
  22  2:06  SCV  
  24  2:10  Command Center  
  24  2:16  Refinery  
  24  2:18  SCV  
  25  2:32  SCV  
  26  2:42  Factory  
  26  2:44  SCV  
  27  2:52  Barracks Reactor  
  27  2:56  SCV  
  28  3:04  Command Center  
  28  3:08  SCV  
  28  3:11  Marine  
  30  3:20  SCV  
  30  3:23  Orbital Command  
  31  3:28  Starport  
  31  3:34  Barracks Tech Lab  
  31  3:35  SCV  
  31  3:38  Barracks Reactor  
  32  3:48  SCV  
  33  3:49  SCV  
  33  3:51  Hellion x2  
  33  3:54  Stimpack  
  38  4:00  SCV  
  38  4:01  SCV  
  40  4:07  Liberator  
  43  4:12  SCV  
  43  4:13  Hellion  
  43  4:16  SCV, Hellion  
  49  4:18  Marine x3  
  49  4:23  Orbital Command  
  52  4:24  SCV  
  52  4:28  Supply Depot  
  52  4:29  SCV  
  54  4:41  Marine x3, Hellion x2  
  61  4:49  SCV x2  
  61  4:50  Supply Depot  
  63  4:59  Marine  
  64  5:01  SCV  
  64  5:05  SCV x2  
  67  5:08  Refinery x2  
  67  5:10  Supply Depot  
  67  5:11  Engineering Bay  
  67  5:12  Factory Tech Lab  
  67  5:14  SCV  
  67  5:17  SCV  
  67  5:18  Marine x3, Medivac  
  67  5:21  Medivac  
  77  5:28  SCV  
  77  5:30  SCV  
  76  5:35  Marine x2  
  75  5:42  Marine  
  75  5:43  Siege Tank  
  75  5:44  SCV x3  
  80  5:53  Marine  
  81  5:59  Marine  
  81  6:00  Marine  
  81  6:02  SCV x3  
  81  6:05  Missile Turret  
  81  6:06  Missile Turret  
  81  6:07  Starport Reactor  
  81  6:11  Marine, Barracks  
  82  6:19  Marine x2  
  82  6:20  Orbital Command  
  82  6:22  SCV  
  85  6:36  SCV x2  
  85  6:40  Marine  
  85  6:42  Marine  
  85  6:54  Marine, Supply Depot  
  85  6:55  SCV x3, Medivac x2  
  85  6:57  Supply Depot  
  93  7:15  SCV x2, Marine x3, Siege Tank  
  93  7:17  Supply Depot  
  93  7:19  SCV, Marine x2  
  104  7:27  Medivac  
  104  7:28  SCV x2  
  108  7:33  Marine  
  109  7:39  Marine x4  
  113  7:45  Armory  
  113  7:47  SCV  
Show
View Real Time Build Order
Export as new Build Order

kitune Zerg 

Build Orders: Hatch First 

Get SALT Encoding   

  12  0:00  Drone  
  13  0:13  Overlord  
  13  0:17  Drone  
  14  0:31  Drone x2  
  16  0:47  Hatchery  
  15  0:51  Drone  
  15  0:54  Drone  
  17  0:58  Drone  
  18  1:09  Extractor  
  17  1:14  Spawning Pool  
  17  1:17  Drone  
  17  1:20  Drone  
  18  1:29  Drone  
  19  1:39  Drone  
  20  1:50  Overlord  
  20  2:00  Queen x2  
  24  2:02  Zergling x2  
  24  2:04  Zergling x2  
  26  2:11  Metabolic Boost  
  26  2:14  Zergling x2  
  27  2:18  Zergling x2  
  27  2:22  Zergling x2  
  28  2:36  Queen  
  29  2:51  Lair  
  29  2:56  Extractor  
  28  3:03  Drone x5  
  28  3:04  Drone  
  33  3:18  Drone  
  33  3:19  Drone x2  
  36  3:22  Overlord  
  36  3:28  Overlord  
  36  3:40  Drone x4  
  40  3:50  Spire  
  40  3:52  Drone  
  40  3:55  Drone  
  41  3:59  Drone  
  41  4:00  Drone  
  43  4:04  Drone  
  43  4:05  Drone  
  43  4:07  Drone  
  43  4:09  Drone  
  47  4:11  Drone  
  47  4:14  Extractor x2  
  46  4:23  Drone x3  
  49  4:31  Drone x4, Baneling Nest  
  49  4:37  Overlord  
  52  4:38  Overlord  
  52  4:59  Zergling x22  
  63  5:08  Mutalisk  
  67  5:14  Overlord  
  64  5:31  Hatchery  
  60  5:47  Mutalisk  
  60  5:48  Mutalisk x4  
  64  6:15  Baneling  
  64  6:16  Baneling x11, Zergling x6  
  64  6:17  Zergling x2  
  68  6:21  Zergling x4  
  67  6:42  Zergling x16  
  73  6:47  Centrifugal Hooks  
  73  6:53  Drone  
  74  6:55  Drone x3  
  74  7:00  Evolution Chamber  
  74  7:01  Evolution Chamber  
  75  7:03  Drone x4  
  79  7:10  Drone x3  
Tags
 
Matchup
TvZ
Spawn Locations
Cross Positions
Add a new tag
Caveats
  • Supply blocks, unpowered buildings, or Contaminate may cause inaccurate times.
  • Supply counts are checked every 10 seconds.